Cogmind - Beta 11 @@@ ROGUE MODE // 2022.03.28 @ 14:34:04 Player: Qirby Result: Destroyed by as-10470 with Assembled Rifle Performance ------------- Evolutions (1) 500 Regions Visited (3) 600 Robots Destroyed (35) 175 Value Destroyed (832) 832 Prototype IDs (3) 60 Alien Tech Used (0) 0 Bonus (48) 48 TOTAL SCORE: 2215 Bonus ------- High Alert Combat Kills 48 Cogmind --------- Core Integrity 0/400 Matter 252/300 Energy 99/100 System Corruption 0% Temperature Cool (0) Movement Core (150) Ox2 Location -9/Mines Parts ------- > --- POWER (1) -------- (None) > --- PROPULSION (4) --- (None) > --- UTILITY (2) ------ Improved Targeting Computer Thief Drone Bay (3/3) > --- WEAPON (2) ------- Minigun Katana > --- INVENTORY (5) ---- Medium Storage Unit Visual Processing Unit Seismic Detector Transport Network Coupler Battle Cannon Peak State ------------ > --- POWER ------------ Improved Ion Engine > --- PROPULSION ------- Airjet Airjet Airjet Airjet > --- UTILITY ---------- Cooling System Visual Processing Unit > --- WEAPON ----------- Medium Laser Beam Rifle > --- INVENTORY -------- Light Ion Engine Seismic Detector Transport Network Coupler Grenade Launcher [Rating: 21] Favorites ----------- Power Light Nuclear Core Engine Ion Engine Power Core Light Nuclear Core Propulsion Aluminum Leg Leg Aluminum Leg Hover Unit Airjet Flight Unit VTOL Module Utility Medium Storage Unit Device Cooling System Storage Medium Storage Unit Processor Visual Processing Unit Protection Medium Armor Plating Weapon Katana Energy Gun Beam Rifle Ballistic Gun Minigun Ballistic Cannon Battle Cannon Launcher Grenade Launcher Slashing Weapon Katana Build | -11 -10 -9 -9 ------- Run | Scr Mat Mat Min Slots Evolved 2 | . . 2 . Power . | . . . . Propulsion 2 | . . 2 . Utility . | . . . . Weapon . | . . . . Parts Attached 63 | 6 13 37 7 Power 9 | 2 1 6 . Engine 8 | 2 1 5 . Core 1 | . . 1 . Reactor . | . . . . Propulsion 19 | 2 2 15 . Treads . | . . . . Leg 8 | 2 . 6 . Wheel . | . . . . Hover 8 | . . 8 . Flight 3 | . 2 1 . Utility 15 | 1 3 6 5 Device 5 | . 2 2 1 Storage 6 | 1 . 3 2 Processor 3 | . 1 . 2 Hackware . | . . . . Protection 1 | . . 1 . Artifact . | . . . . Weapon 20 | 1 7 10 2 Energy Gun 11 | 1 4 6 . Energy Cannon . | . . . . Ballistic Gun 2 | . . 1 1 Ballistic Cannon 1 | . . . 1 Launcher 5 | . 3 2 . Special Weapon . | . . . . Impact Weapon . | . . . . Slashing Weapon 1 | . . 1 . Piercing Weapon . | . . . . Special Melee Weapon . | . . . . Unidentified Prototypes 3 | . . 2 1 Parts Lost 20 | . . 16 4 Power 3 | . . 2 1 Propulsion 12 | . . 9 3 Utility 2 | . . 2 . Weapon 3 | . . 3 . Highest Loss Streak 4 | . . 4 4 To Critical Strikes 1 | . . . 1 Average Slot Usage (%) 80 | . 76 77 85 Engine 6 | . 13 9 . Core 4 | . . . 10 Leg 22 | . 23 13 31 Hover 6 | . . 15 . Flight 2 | . 4 2 . Device 4 | . 5 7 2 Storage 8 | . 12 5 8 Processor 6 | . . 5 11 Energy Gun 5 | . 4 11 . Ballistic Gun 4 | . . 2 9 Launcher 3 | . 11 . 1 Slashing Weapon 5 | . . 2 11 Naked Turns . | . . . . Heaviest Build 30 | 12 16 29 30 Greatest Support 40 | 20 20 40 30 Greatest Overweight (x) 6 | 1 3 6 . Average Overweight (x) . | . . . . Largest Inventory Capacity 15 | 8 8 10 15 Average Capacity 9 | 7 7 7 11 Most Carried 8 | 5 8 6 7 Average Carried 4 | 1 2 4 5 Final Capacity 10 | 8 5 10 5 Final Carried 6 | 1 4 6 5 Class Distribution -------------------- 48% | Scavenger-Mutant 44% | Mutant 7% | Sprinter Dominant Class ---------------- Mutant | -10/Materials Mutant | -9/Materials Scavenger-Mutant | -9/Mines Resources | -11 -10 -9 -9 ----------- Run | Scr Mat Mat Min Matter Collected 1093 | 260 164 528 141 Remotely . | . . . . Salvage Created 1135 | 98 259 778 . Parts 78 | 1 21 56 . Haulers Intercepted 3 | . 1 2 . Recyclers Shooed 2 | . . 2 . Parts Field Recycled . | . . . . Retrieved Matter . | . . . . Parts Self-Destructed . | . . . . Prevented . | . . . . Kills | -11 -10 -9 -9 ------- Run | Scr Mat Mat Min Combat Hostiles Destroyed 24 | . 6 18 . Melee 4 | . . 4 . Guns 11 | . . 11 . AOE 8 | . 6 2 . Classes Destroyed 8 | 1 5 2 . Builder 3 | . 1 2 . Hauler 3 | . 1 2 . Recycler 2 | 1 1 . . Operator 2 | . 1 1 . Watcher 1 | . . 1 . Swarmer 7 | . 3 4 . Grunt 13 | . 3 10 . Sentry 4 | . . 4 . Best Kill Streak 10 | 1 7 10 . Combat Bots Only 7 | . 6 7 . Max Kills in Single Turn 2 | 1 2 2 . Gunslinging . | . . . . Exploded 2 | . 2 1 . Melee 1 | . . 1 . Uniques/NPCs Destroyed . | . . . . Combat | -11 -10 -9 -9 -------- Run | Scr Mat Mat Min Damage Taken 2399 | 20 162 1934 283 Core 441 | . 32 351 58 Absorbed by Shields . | . . . . Core Remaining (%) 93 | 100 87 . . Volleys Fired 104 | 4 25 70 5 Largest 2 | 1 1 2 1 Hottest 106 | 40 40 106 25 Shots Fired 120 | 4 25 86 5 Gun 95 | 4 11 75 5 Cannon . | . . . . Launcher 25 | . 14 11 . Special . | . . . . Kinetic 13 | . . 8 5 Thermal 77 | . 10 67 . Explosive 25 | . 14 11 . Electromagnetic 5 | 4 1 . . Robot Hit Streak 11 | 1 6 11 1 Robot Miss Streak 3 | 3 1 3 2 Penetration Max . | . . . . Secondary Targets . | . . . . Shots Hit Robots 74 | 1 11 61 1 Core Hits 53 | . 17 36 . Critical Kills . | . . . . Critical Parts Destroyed . | . . . . Critical Strikes 4 | . . 4 . Burn 4 | . . 4 . Melee Attacks 15 | . . 15 . Impact . | . . . . Slashing 15 | . . 15 . Piercing . | . . . . Sneak Attacks . | . . . . Combat Hostiles . | . . . . Follow-up Attacks . | . . . . Damage Inflicted 2204 | 58 628 1481 37 Guns 921 | 15 113 756 37 Cannons . | . . . . Explosions 929 | 43 515 371 . Melee 349 | . . 349 . Ramming 5 | . . 5 . Kinetic 162 | . . 125 37 Thermal 816 | 43 142 631 . Explosive 841 | . 470 371 . Electromagnetic 31 | 15 16 . . Impact . | . . . . Slashing 349 | . . 349 . Piercing . | . . . . Highest Corruption . | . . . . Average Corruption . | . . . . Corruption Purged . | . . . . Corruption Blocked . | . . . . Overload Shots . | . . . . Overflow Damage 26 | 18 8 . . Projectiles . | . . . . Explosions 26 | 18 8 . . Melee . | . . . . Knockbacks . | . . . . Impact . | . . . . Kinetic . | . . . . Secondary . | . . . . Self-Inflicted Damage 101 | 20 51 30 . Shots 4 | 1 2 1 . Rammed 1 | . . 1 . Targets Rammed 2 | . . 2 . Kicked 1 | . . 1 . Crushed . | . . . . Highest Temperature 554 | 12 12 554 4 Average Temperature 148 | 12 8 158 4 Received Heat Transfer 873 | . 18 855 . Effects 10 | . . 10 . Shutdowns 2 | . . 2 . Energy Bleed 2 | . . 2 . Interference 1 | . . 1 . Matter Decay 3 | . . 3 . Short Circuit 1 | . . 1 . Damage (minor) 1 | . . 1 . Siege Activations . | . . . . Robots Corrupted . | . . . . Combat Hostiles . | . . . . Parts Fried . | . . . . Impact Corruptions . | . . . . Robots Melted 1 | . . 1 . Combat Hostiles 1 | . . 1 . Parts Melted 10 | 1 . 9 . Heat Transferred 2240 | 50 275 1915 . Parts Sabotaged . | . . . . Parts Stolen . | . . . . Parts Stripped . | . . . . Power Chain Reactions 2 | 1 1 . . Missiles Intercepted . | . . . . Alert | -11 -10 -9 -9 ------- Run | Scr Mat Mat Min Peak Influence 503 | 5 359 503 195 Initial 195 | . 3 151 195 Average 198 | 2 162 319 119 Maximum Alert Level 2 | . 1 2 . Low Security (%) 55 | 100 55 5 100 Level 1 39 | . 44 78 . Level 2 5 | . . 16 . Level 3 . | . . . . Level 4 . | . . . . Level 5 . | . . . . High Security . | . . . . Max Security . | . . . . Squads Dispatched 7 | . 3 4 . Investigation 1 | . . 1 . Extermination . | . . . . Reinforcement 6 | . 3 3 . Assault . | . . . . Garrison . | . . . . Intercept . | . . . . Searches Triggered . | . . . . Construction Impeded 1 | . . 1 . Haulers Reinforced . | . . . . Active Scanning Responses . | . . . . Cargo Convoy Interrupts . | . . . . Stealth | -11 -10 -9 -9 --------- Run | Scr Mat Mat Min Distress Signals 2 | . . 2 . Communications Jammed . | . . . . Distress Signals . | . . . . Times Spotted 41 | . 9 28 4 Peak Tracking Total 6 | . 5 6 6 Tactical Retreats 3 | . . 1 2 Traps | -11 -10 -9 -9 ------- Run | Scr Mat Mat Min Traps Triggered . | . . . . Indirectly . | . . . . Trap Hack Attempts . | . . . . Triggered . | . . . . Disarmed 4 | . 4 . . Reprogrammed . | . . . . Reused . | . . . . Traps Extracted . | . . . . Installed . | . . . . Triggered . | . . . . Machines | -11 -10 -9 -9 ---------- Run | Scr Mat Mat Min Machines Disabled 3 | . 1 2 . Max in Single Turn 1 | . 1 1 . Machines Sabotaged . | . . . . Garrisons Compromised . | . . . . Overloaded Fab Kills . | . . . . Hacking | -11 -10 -9 -9 --------- Run | Scr Mat Mat Min Machines Accessed 5 | . 2 2 1 Terminals 3 | . 2 1 . Fabricators . | . . . . Repair Stations . | . . . . Recycling Units 1 | . . 1 . Scanalyzers . | . . . . Garrison Access . | . . . . Total Hacks 13 | . 8 4 1 Successful 9 | . 6 2 1 Failed 4 | . 2 2 . Catastrophic 1 | . . 1 . Database Lockouts . | . . . . Manual 2 | . . 2 . Terminals 10 | . 8 2 . Fabricators . | . . . . Repair Stations . | . . . . Recycling Units 2 | . . 2 . Scanalyzers . | . . . . Garrison Access . | . . . . Terminal Hacks 7 | . 6 . 1 Record 3 | . 3 . . Open Door 1 | . . . 1 Disarm Traps 1 | . 1 . . Hauler Manifests 1 | . 1 . . Zone Layout 1 | . 1 . . Fabricator Hacks . | . . . . Repair Station Hacks . | . . . . Recycling Unit Hacks 2 | . . 2 . Report Inventory 1 | . . 1 . Retrieve Components 1 | . . 1 . Scanalyzer . | . . . . Garrison Access Hacks . | . . . . Unauthorized Hacks . | . . . . Terminals . | . . . . Fabricators . | . . . . Repair Stations . | . . . . Recycling Units . | . . . . Scanalyzers . | . . . . Garrison Access . | . . . . Data Cores Recovered . | . . . . Used . | . . . . Hacking Detections 2 | . 1 1 . Full Trace Events 1 | . . 1 . Feedback Events . | . . . . Feedback Blocked . | . . . . Robot Schematics Acquired . | . . . . Robots Built . | . . . . Authchips . | . . . . Time . | . . . . Total Robot Build Rating . | . . . . Part Schematics Acquired . | . . . . Parts Built . | . . . . Authchips . | . . . . Time . | . . . . Total Part Build Rating . | . . . . Parts Repaired . | . . . . Time . | . . . . Parts Recycled . | . . . . Recycled Matter . | . . . . Retrieved Matter . | . . . . Retrieved Components 3 | . . 3 . Parts Scanalyzed . | . . . . Part Schematics Acquired . | . . . . Parts Damaged . | . . . . Bothacking | -11 -10 -9 -9 ------------ Run | Scr Mat Mat Min Used RIF Installer . | . . . . Robots Hacked . | . . . . Non-combat . | . . . . Combat . | . . . . Robot Hacks Applied . | . . . . Relay Couplers Released . | . . . . Fabnet Peak Effective % . | . . . . Robots Rewired . | . . . . Allies Hacked . | . . . . Hacks Repelled . | . . . . Allies | -11 -10 -9 -9 -------- Run | Scr Mat Mat Min Total Allies 1 | . . . 1 Largest Group 1 | . . . 1 Highest-Rated Group 31 | . . . 31 Highest-Rated Ally 31 | . . . 31 Total Orders 6 | . . . 6 EXPLORE 3 | . . . 3 RETURN 3 | . . . 3 Ally Attacks 3 | . . . 3 Total Damage 32 | . . . 32 Kills . | . . . . Allies Corrupted . | . . . . Allies Melted . | . . . . Intel | -11 -10 -9 -9 ------- Run | Scr Mat Mat Min Robot Analysis Total . | . . . . Derelict Logs Recovered . | . . . . Drone Launches 3 | . . . 3 Drone Recoveries 3 | . . . 3 Exploration | -11 -10 -9 -9 ------------- Run | Scr Mat Mat Min Turns Passed 1769 | 72 392 654 651 Spaces Moved 1010 | 43 247 368 352 Core 28 | 9 . 19 . Treads . | . . . . Legs 656 | 34 168 102 352 Wheels . | . . . . Hover 113 | . . 113 . Flight 213 | . 79 134 . Fastest Speed 29 | 50 32 29 120 Average Speed 99 | 121 94 82 120 Slowest Speed 350 | 190 275 350 120 Overloaded Moves . | . . . . Propulsion Burnouts . | . . . . Robots Hopped . | . . . . Cave-ins Triggered . | . . . . Exploration Rate (%) 40 | 5 25 34 97 Regions Visited 3 Branch Regions 1 Pre-discovered Areas . | . . . . Known Exits Taken . | . . . . Unknown Exits Taken 3 | 1 1 1 . Scrap Searched 2 | . . . 2 Spaces Dug . | . . . . Terrain Destroyed 134 | 5 94 35 . Melee . | . . . . Projectile . | . . . . AOE 134 | 5 94 35 . Terrain Rammed . | . . . . Walls Destroyed . | . . . . Machines Disabled . | . . . . Actions | -11 -10 -9 -9 --------- Run | Scr Mat Mat Min Total 1626 | 58 385 605 578 Wait 368 | . 75 89 204 Move 1007 | 42 246 367 352 Hop . | . . . . Pick Up 31 | 6 11 9 5 Fast Attach 27 | . 2 24 1 Attach 22 | 5 8 7 2 Detach 9 | . 6 2 1 Swap 15 | 1 3 7 4 Drop 26 | . 9 13 4 Fire 104 | 4 25 70 5 Melee 15 | . . 15 . Ram 1 | . . 1 . Kick 1 | . . 1 . Crush . | . . . . Escape Stasis . | . . . . Rewire . | . . . . Trap . | . . . . Miscellaneous . | . . . . Route ------- -11/Scrapyard -10/Materials -9/Materials -9/Mines (discovered 2 exits: [*Mat x2]) History --------- Turn | Location | Event 16 | -11/Scrapyard | Discovered new exit (range 15) 73 | -11/Scrapyard | Entered Materials 344 | -10/Materials | Build established: Mutant 454 | -10/Materials | Discovered new exit (range 12) 465 | -10/Materials | Entered another Materials area 465 | -9/Materials | Evolved 2 slots: Propulsion x2 634 | -9/Materials | Lost 4 parts (1p2n1w) 840 | -9/Materials | Core integrity fell below 50% 851 | -9/Materials | Lost 4 parts (2n1u1w) 991 | -9/Materials | Discovered new exit (range 8) 1067 | -9/Materials | Core integrity fell below 20% 1099 | -9/Materials | Destroyed 7 combat bots 1119 | -9/Materials | Entered Mines 1136 | -9/Mines | Lost 4 parts (3n1u) 1159 | -9/Mines | Build established: Scavenger-Mutant 1172 | -9/Mines | YI-UF0 nonchalantly dropped a Grenade Launcher on the ground 1182 | -9/Mines | A weapon hastily lodged in a ceiling crevice suddenly fell to the ground 1433 | -9/Mines | Escorted by a lone wolf Derelict 1632 | -9/Mines | Found the Drone Emporium 1638 | -9/Mines | Found Prototype Device 1642 | -9/Mines | Identified Thief Drone Bay 1670 | -9/Mines | Discovered new exit (range 41) 1688 | -9/Mines | Discovered new exit (range 31) 1695 | -9/Mines | Assembled infested the area 1770 | -9/Mines | Destroyed by as-10470 with Assembled Rifle Last Messages --------------- 01641_ Dropped Lrg. Storage Unit. 01641_ Dropped Med. Storage Unit. 01642_ Identified Thief Drone Bay. 01644_ Thief Drone released from Thief Drone Bay. 01648_ Acquired Med. Storage Unit. 01652_ YI-UF0 mumbles something. 01670_ EXIT=FOUND 01695_ ALERT: Infestation in the mines, dispatching Demolisher response squad. 01704_ U-05 Engineer system corrupted by crushing effect. 01704_ U-05 Engineer destroyed. 01707_ K-01 Serf destroyed. 01710_ Thief Drone retrieved by Thief Drone Bay. 01710_ FH-2MV(g) shuts down. 01710_ Thief Drone retrieved by Thief Drone Bay. 01714_ FH-2MV(g) destroyed. 01715_ Lgt. Nuclear Core destroyed. 01729_ K-01 Serf destroyed. 01734_ Aluminum Leg destroyed. 01768_ Critical hit (Destroy). 01768_ Aluminum Leg destroyed. Map ----- +----------------------------------------------------+ | | | | | | | | | | | | | ????????????????????????????????????????????????? | | ????????????????????????????????????????????##### | | ???????????????????????????????????????????## | | ???????????????????????????????????????????# | | ???????????????????????????????????????????# | | ???????????????????????????????????????????# | | ???###????##????????????????????????????????# | | ???# #?????????????????????????????????# | | ???# #?????????????????????????????????# | | ???# #????????????###################### | | ???# #???????????## | | ???# < #??????????##! ################# | | ???# #?????????## % #???????????????## | | ???# """ #?????????# ! ##?????????????????# | | ???# """ #?????????# ]]###???????????????????# | | ???# """ #?????????## ##??????????????????###? | | ???# #??????????## #??????????????????## ## | | ???### #####???????????# #??????????????????# # | | ?????# #???????????????# #?????????????????## # | | ?????# #?????###########@#????????????????## # | | ?????# ###???# !%%%!= %a ######???????????# #? | | ????## ######## #??????????## ## | | ???## #??# #???????###### #########?## | | ???# #### #??########### ## ### | | ??# #### ] ! # | | ??# ### #### * ## # | | ??## #?# #### !%################ | | ???## ##?# #??????????????## | | ????#####??# #### ##??????????????## ## ###### | | ???????????# #?## #???????????????# ## # #??# | | ??????????# ### #???????????????# # #??# | | ??????????# ##??????????????#### ###??# | | ??????????# ##??????????????### ]##???? | | ??????????#### ##??????????????## ##???? | | ?????????????# #####??????????## ##??## | | ?????????????# #??????????## #?## | | ????????????# #??????????# ### | | ????????????# #????????# | | ????????????# #???????##### | | ????????????## ### #?????????## # | | ?????????????###??### ########## ## | | ????????????????????## ## #? | | ?????????????????????# ### ##### ##? | | ?????????????????????## #?# #???# ##?? | +----------------------------------------------------+ Best States ------------- Heat Dissipation 50 Energy Generation 14 Energy Capacity 280 Matter Stores 300 Matter Capacity 300 Sight Range 18 Terrain Scan Density 10 Armor Coverage 225 Evasion (%) 64 Targeting Accuracy 6 Item Schematics ----------------- None Robot Schematics ------------------ None Fabricated ------------ Nothing Alien Tech Used ----------------- None Achievements -------------- None Challenges ------------ None Game ------ Seed ElectronSpacefoldMeganuke Manual? 0 Play Time 00:31:21 Cumulative 7.2 hours Start 2022.03.28 @ 13:59:33 End 2022.03.28 @ 14:34:04 Sessions 1 Manual Loads 0 Difficulty Rogue Special Mode None Game No. 7 Rogue 7 Adventurer 0 Explorer 0 Win Type - Total 0 Types 0/0/0/0/0/0/0/0/0 Lore% 14 Gallery% 11 Achievement% 10 Wizard Run 0 Options --------- ASCII 1 Keyboard 0 Movement Mouse Keybinds 0 Fullscreen 1 Font 14/Terminus Map View 84x54 Tactical HUD 1 Map Filters NONE Filters NONE Steam 1 RUN: 4bfc34f0-596c-4a4c-992d-dae13484e385